 Dungeon Crawl Stone Soup version 0.17.1-1-g73c8601 (webtiles) character file.

276 Rex the Covered (level 6, -2/53 HPs)
             Began as a Minotaur Fighter on Dec 12, 2015.
             Slain by a centaur zombie (5 damage)
             ... in an ossuary.
             The game lasted 00:09:13 (3047 turns).

Rex the Covered (Minotaur Fighter)                  Turns: 3047, Time: 00:09:15

Health: -2/53      AC:  9    Str: 28    XL:     6   Next: 4%
Magic:  5/5        EV:  8    Int:  5    God:
Gold:   188        SH: 10    Dex:  9    Spells: 0 memorised, 5 levels left

rFire  + . .     SeeInvis .     a - +0 war axe
rCold  . . .     Clarity  .     i - +2 scale mail {rF+}
rNeg   . . .     SustAt   .     c - +0 shield
rPois  .         Gourm    .     (helmet restricted)
rElec  .         Spirit   .     (no cloak)
rCorr  .         Warding  .     (no gloves)
rMut   .         Stasis   .     (no boots)
MR     .....                    (no amulet)
Stlth  ..........               (no ring)
                                (no ring)

@: mighty, marked, not resistant to hostile enchantments, extremely unstealthy
A: retaliatory headbutt, horns 2
a: no special abilities


You were in an ossuary.
You were not hungry.

You visited 1 branch of the dungeon, and saw 4 of its levels.
You also visited: Ossuary.

You collected 188 gold pieces.

Inventory:

Hand Weapons
 a - a +0 war axe (weapon)
 n - a +1 spear of flaming
Armour
 c - a +0 shield (worn)
 i - a +2 scale mail of fire resistance (worn)
Jewellery
 h - an uncursed amulet of regeneration {unknown}
Wands
 k - a wand of magic darts (20)
Scrolls
 f - 2 scrolls of identify
 g - a scroll of fear
 m - a scroll of enchant armour
 o - a scroll of noise {unknown}
Potions
 j - 6 potions of curing
 p - a potion of flight {unknown}
 r - a potion of brilliance
Comestibles
 b - a royal jelly
 e - 3 bread rations
 l - a meat ration


   Skills:
 + Level 4.3 Fighting
 * Level 4.5 Axes
 + Level 5.2 Armour
 + Level 2.0 Dodging
 + Level 0.1 Stealth
 + Level 4.8 Shields


You had 5 spell levels left.
You didn't know any spells.

Dungeon Overview and Level Annotations

Branches:
Dungeon (4/15)
 Temple: D:4-7

Altars:


Innate Abilities, Weirdness & Mutations

You reflexively headbutt those who attack you in melee.
You have a pair of horns on your head.


Message History

The centaur zombie hits you but does no damage.
Your shield prevents you from hitting the rat zombie.
You headbutt the rat zombie!
You destroy the rat zombie!
You hit the centaur zombie. You block the centaur zombie's attack.
The centaur zombie hits you.
* * * LOW HITPOINT WARNING * * *
An adder zombie comes into view.
You barely miss the human zombie. You hit the centaur zombie.
You block the centaur zombie's attack. You block the human zombie's attack.
Unknown command.
Read which item? (? for menu, Esc to quit)
As you read the scroll of fear, it crumbles to dust.
You assume a fearsome visage.
The centaur zombie is unaffected.
The centaur zombie is unaffected.
The hobgoblin zombie is unaffected.
The orc zombie is unaffected.
The hobgoblin zombie is unaffected.
The kobold zombie is unaffected.
The big kobold zombie is unaffected.
The human zombie is unaffected.
The adder zombie is unaffected.
The hobgoblin zombie is unaffected.
The centaur zombie hits you.
You die...

#...##############...#
#...# #...# #...#
#...# #...# #...#
#...# ....+####...#
#...# #.∩.....#...#
#...# #.......#...#
#...# #.......#...#
#...#.####ZZ.....#...#
#...#ZZZ@ZZZ.....#...#
#...#Z####Z.####.#...#
#...# #..# #...# #...#
#..# #...#
#...######..######...#
#....................#
#........8..8........#
#....................#
#....................#


You could see an adder zombie, 3 hobgoblin zombies, a kobold zombie, a big
kobold zombie, an orc zombie, 2 centaur zombies and a human zombie.

Vanquished Creatures
  A hound (D:4)
  Ijyb (D:2)
  A worker ant (D:4)
  A big kobold zombie (Ossuary)
  2 mummies (Ossuary)
  6 adders
  An adder zombie (Ossuary)
  3 worms
  3 giant geckos
  5 bats
  4 giant cockroaches
  6 goblins
  7 hobgoblins
  10 kobolds
  4 quokkas
  2 ball pythons
  2 giant newts
  7 hobgoblin zombies (Ossuary)
  A jackal zombie (Ossuary)
  9 kobold zombies (Ossuary)
  5 orc zombies (Ossuary)
  A quokka skeleton (D:4)
  8 rats
  A rat zombie (Ossuary)
91 creatures vanquished.

Notes
Turn   | Place    | Note
--------------------------------------------------------------
     0 | D:1      | Rex the Minotaur Fighter began the quest for the Orb.
     0 | D:1      | Reached XP level 1. HP: 19/19 MP: 0/0
   114 | D:1      | Reached XP level 2. HP: 27/27 MP: 1/1
   362 | D:1      | Reached skill level 4 in Armour
  1046 | D:2      | Reached XP level 3. HP: 33/33 MP: 2/2
  1134 | D:2      | Noticed Ijyb
  1144 | D:2      | Killed Ijyb
  1144 | D:2      | Reached XP level 4. HP: 3/40 MP: 3/3
  2532 | D:3      | Reached XP level 5. HP: 46/46 MP: 4/4
  2750 | D:4      | Reached skill level 1 in Dodging
  2827 | D:4      | Reached skill level 5 in Armour
  2853 | D:4      | Found a sand-covered staircase.
  2859 | Ossuary  | Entered an ossuary
  3044 | Ossuary  | Reached XP level 6. HP: 6/53 MP: 5/5
  3045 | Ossuary  | HP: 2/53 [centaur zombie (4)]
  3047 | Ossuary  | Slain by a centaur zombie

Action                   |  1- 3 |  4- 6 || total
-------------------------+-------+-------++-------
Melee: War axe           |    69 |   155 ||   224
  Use: Potion            |     4 |     1 ||     5
       Scroll            |       |     6 ||     6
  Eat: Chunk             |     1 |     6 ||     7
